 Dungeon Crawl Stone Soup version 0.29.0-4-gdea44cf6ec (webtiles) character file.

Game seed: 5628023031473413884

119732 qw the Peltast (level 16, -7/149 HPs)
             Began as a Minotaur Berserker on Sept 9, 2022.
             Was a High Priest of Trog.
             Mangled by a naga
             ... wielding a +1 glaive of venom
              (13 damage)
             ... on level 1 of the Snake Pit.
             The game lasted 00:10:24 (29330 turns).

qw the Peltast (Minotaur Berserker)                Turns: 29330, Time: 00:10:25

Health: -7/149     AC: 39    Str: 35    XL:     16   Next: 28%
Magic:  13/13      EV:  6    Int:  3    God:    Trog [*****.]
Gold:   1523       SH: 22    Dex: 14    Spells: 15/15 levels left

rFire   . . .      SeeInvis +   i - +5 broad axe (elec)
rCold   + . .      Faith    .   l - +2 tower shield {AC+3}
rNeg    . . .      Spirit   .   e - +4 crystal plate armour
rPois   .          Reflect  .   t - +1 hat {Will+}
rElec   .          Harm     .   j - +0 cloak
rCorr   .          Rampage  .   h - +0 pair of gloves
Will    ++...                   a - +1 pair of boots
Stlth   ..........              s - amulet of regeneration
HPRegen 1.14/turn               v - +6 ring of strength
MPRegen 0.13/turn               n - ring of protection from cold

@: lethally poisoned (-7 -> -18), about to teleport, marked, on berserk
cooldown, slowed, constricted, very slow
A: horns 2, retaliatory headbutt, see invisible, agile 1, low MP 1
a: Renounce Religion, Berserk, Trog's Hand, Brothers in Arms


You were on level 1 of the Snake Pit.
You worshipped Trog.
Trog was extremely pleased with you.
You visited 4 branches of the dungeon, and saw 23 of its levels.

You collected 2915 gold pieces.
You spent 1392 gold pieces at shops.


Innate Abilities, Weirdness & Mutations

You have a pair of horns on your head.
You reflexively headbutt those who attack you in melee.
You have supernaturally acute eyesight. (SInv)
You are agile. (Dex +4, Str/Int -1)
Your magical capacity is low. (-10% MP)


   Skills:
 - Level 15.0 Fighting
 - Level 18.0 Axes
 - Level 5.0 Throwing
 + Level 17.8 Armour
 - Level 7.0 Dodging
 - Level 18.3 Shields


You had 15 spell levels left.
You didn't know any spells.
Your spell library was empty.

Inventory:

Hand Weapons
 i - a +5 broad axe of electrocution (weapon)
 k - the +1 war axe "Conservator" {flame, rCorr Int+3 Stlth+}
   (You found it on level 10 of the Dungeon)

   It burns those it strikes, dealing additional fire damage.
   Big, fiery blades are also staple armaments of hydra-hunters.
   Int:       It affects your intelligence (+3).
   rCorr:     It protects you from acid and corrosion.
   Stlth:     It makes you more stealthy.
Missiles
 d - 18 boomerangs (quivered)
Armour
 a - a +1 pair of boots (worn)
 e - a +4 crystal plate armour (worn)
 h - a +0 pair of gloves (worn)
 j - a +0 cloak (worn)
 l - a +2 tower shield of protection (worn)
 t - a +1 hat of willpower (worn)
Jewellery
 n - a ring of protection from cold (right hand)
 r - a ring of protection from fire
 s - an amulet of regeneration (around neck)
 u - a ring of willpower
 v - a +6 ring of strength (left hand)
 w - the ring "Oniocif" {Wiz rF+ rC- Dex+4}
   (You bought it in a shop on level 2 of the Orcish Mines)

   [ring of wizardry]

   It improves your spell success rate.
   Dex:       It affects your dexterity (+4).
   rF:        It protects you from fire.
   rC:        It makes you vulnerable to cold.
 Y - a ring of protection from fire
Scrolls
 c - 7 scrolls of identify
 p - 12 scrolls of teleportation
Potions
 b - 4 potions of heal wounds
 f - 3 potions of cancellation
 g - 2 potions of haste
 m - 3 potions of mutation
 o - 9 potions of curing
 q - 2 potions of might

Dungeon Overview and Level Annotations

Branches:
Dungeon (15/15)            Temple (0/1) D:7            Lair (5/5) D:10
  Swamp (0/4) Lair:2        Snake (1/4) Lair:3        Slime (0/5) Lair:5
    Orc (2/2) D:10            Elf (0/3) Orc:2        Vaults (0/5) D:14
 Depths (0/4) D:15

Altars:
Ashenzari
Dithmenos
Elyvilon
Kikubaaqudgha
Makhleb
Nemelex Xobeh
Sif Muna
Trog
Wu Jian
Xom
Yredelemnul
The Shining One
Jiyva

Shops:
D:11 (   D:13 =   Orc:1 [   Orc:2 [*?:!   Snake:1 *[

Portals:
Abyss: Orc:1

Annotations:
D:6 3 runed translucent doors, qw's ghost, novice MiFi
D:7 1 runed translucent door, Crazy Yiuf
D:8 2 transporters, qw's ghost, novice GrBe
Orc:1 2 transporters, ggurman's ghost, journeyman MiFi


Message History

The naga sharpshooter shoots an arrow.
You block the arrow.
The naga sharpshooter shoots a bolt.
You block the bolt. The naga warrior spits poison at you.
You block the splash of poison.
29329 ||| INVOKING Brothers in Arms.
Your troll goes berserk!
You feel very sick.
The naga sharpshooter no longer looks unusually toxic.
The naga sharpshooter shoots an arrow.
The arrow hits you but does no damage. You block the naga's attack.
The naga sharpshooter gestures wildly while chanting.
The naga sharpshooter magically shoots a bolt.
You block the bolt.
The naga warrior hits you but does no damage.
The naga warrior grabs you. The naga warrior constricts you.
The naga ritualist mumbles some strange prayers to its god.
The naga ritualist begins to radiate toxic energy.
You are more poisoned.
Your troll is poisoned.
29330 ||| READING 13 scrolls of teleportation.
As you read the scroll of teleportation, it crumbles to dust.
You feel strangely unstable.
You feel very sick.
You are more poisoned. x2
Your troll looks even sicker.
The naga sharpshooter shoots an arrow.
You block the arrow.
The naga sharpshooter shoots an arrow.
You block the arrow. You block the naga's attack.
The naga sharpshooter casts a spell.
The naga sharpshooter magically shoots a bolt.
The bolt barely misses you.
The naga warrior hits you with a +0 long sword!
The naga warrior constricts you.
The naga mage hits you but does no damage.
A black mamba comes into view.
The naga sharpshooter shoots an arrow.
The arrow hits you! The naga hits you but does no damage.
Your troll closely misses the naga ritualist.
Your troll claws the naga ritualist! x2
The naga hits you from afar with a +1 glaive of venom!
You die...

....S #.## #...
.....##..##....
...............
.............N ...
............# ##....
......N....###.......
......N....##~.~#....
......N@))##~N.~~...#
...>.NNN))##~~\~~..#
.......N.%..~~~~~.#
.......T.)%..~~~..##
......N.?..........#
...^...............#
.........#....).########
.......#######%##.......
...... #......#######


You could see a naga warrior, 3 naga sharpshooters, a naga ritualist (strong,
toxic aura, ally target), a black mamba, a naga mage (strong), 3 nagas and a
friendly troll (summoned, berserk, very poisoned).

Vanquished Creatures
  Rupert (D:14)
  Gastronok (D:8)
  A storm dragon (D:12)
  Snorg (D:10)
  Josephine (D:14)
  2 fire dragons
  A spriggan skeleton (D:15)
  Erolcha (D:13)
  2 boulder beetles
  13 hydras
  2 death knights
  2 catoblepae
  2 ogre magi
  4 centaur warriors
  4 anacondas (Snake:1)
  10 two-headed ogres
  A naga warrior (Snake:1)
  A vampire mage (D:15)
  2 tengu warriors (D:14)
  18 death yaks (Lair:5)
  2 shock serpents (Snake:1)
  Nergalle (Orc:1)
  An orc high priest (Orc:2)
  4 skeletal warriors
  A fire crab (Lair:5)
  A lindwurm (Lair:5)
  A swamp dragon (Lair:5)
  2 bog bodies (Lair:2)
  A necromancer (D:15)
  2 orc knights (Orc:2)
  A wizard (D:14)
  A shadow dragon zombie (D:15)
  A mana viper (Snake:1)
  2 deep elf pyromancers (D:13)
  2 orc sorcerers (Orc:2)
  2 salamanders (Snake:1)
  8 ugly things
  3 manticores
  Maurice (D:13)
  13 elephants
  13 black mambas
  4 naga magi (Snake:1)
  Joseph (D:8)
  A cane toad (shapeshifter) (D:12)
  A molten gargoyle (D:11)
  A torpor snail (Lair:5)
  A guardian serpent (Snake:1)
  10 cane toads
  A gargoyle (D:12)
  3 unseen horrors
  Maggie (D:7)
  4 centaur skeletons (D:14)
  A tengu conjurer (D:14)
  10 komodo dragons
  6 kobold demonologists
  7 rime drakes
  A yaktaur (D:12)
  3 freezing wraiths (D:14)
  A troll (D:7)
  A wind drake (shapeshifter) (D:15)
  3 polar bears
  Prince Ribbit (D:7)
  A hornet (D:7)
  An ettin zombie (D:15)
  27 blink frogs
  3 dream sheep
  5 wyverns
  2 vampires (D:12)
  6 wraiths
  8 basilisks
  4 steam dragons
  46 yaks
  Menkaure (D:7)
  12 nagas
  14 water moccasins
  2 acid dragons
  A human skeleton (D:15)
  3 sky beasts
  3 swamp drakes (Lair:5)
  3 black bears
  17 orc warriors
  2 ice beasts (D:7)
  11 ogres
  3 wolves (Lair:1)
  16 centaurs
  2 phantoms
  10 kobold brigands
  A necrophage (D:7)
  21 bullfrogs
  A gnoll sergeant (D:7)
  3 scorpions
  2 two-headed ogre simulacra (D:12)
  18 wights
  13 killer bees (D:10)
  3 electric eels
  A howler monkey (D:6)
  6 hounds
  3 jellies
  2 gnoll boudas
  15 orc priests
  Ijyb (D:4)
  5 iguanas
  22 orc wizards
  4 hell rats (Lair:3)
  A polar bear simulacrum (D:12)
  2 wolf simulacra (D:12)
  A troll simulacrum (D:12)
  2 killer bee zombies (D:6)
  8 adders
  16 gnolls
  2 naga simulacra (D:12)
  7 river rats (Lair:3)
  2 shadow imps
  4 white imps
  4 ufetubi
  4 worms
  5 dart slugs
  50 orcs
  9 bats
  9 endoplasms
  4 giant cockroaches
  9 goblins
  9 hobgoblins
  5 jackals
  3 quokkas
  15 ball pythons
  12 frilled lizards
  37 kobolds
  10 rats
749 creatures vanquished.

Vanquished Creatures (collateral kills)
  2 hydras (Lair:5)
  A death yak (Lair:5)
  2 orc high priests (Orc:2)
  2 orc knights (Orc:2)
  An orc sorcerer (Orc:2)
  2 komodo dragons (Lair:4)
  2 yaks (Lair:5)
  An orc priest (Orc:2)
  2 orc wizards (Orc:2)
  A river rat (Lair:3)
  A butterfly (Lair:1)
17 creatures vanquished.

Vanquished Creatures (others)
  54 fungi
  139 plants
  2 withered plants (D:15)
195 creatures vanquished.

Grand Total: 961 creatures vanquished

Notes
Turn   | Place    | Note
-------+----------+-------------------------------------------
     0 | D:1      | qw the Minotaur Berserker began the quest for the Orb.
     0 | D:1      | Reached XP level 1. HP: 19/19 MP: 0/0
     0 | D:1      | 0 ||| qw: Version: 0.1-a-113-g051387a
     0 | D:1      | 0 ||| qw: Game counter: 7190
     0 | D:1      | 0 ||| qw: Always use a shield: true
     0 | D:1      | 0 ||| qw: Do Orc after D:15 true
     0 | D:1      | 0 ||| qw: Do second Lair branch before Depths: true
     0 | D:1      | 0 ||| qw: Lair rune preference: random
     0 | D:1      | 0 ||| qw: Plans: Normal
     0 | D:1      | 0 ||| PLANNING D:1-11
   181 | D:1      | Reached XP level 2. HP: 24/26 MP: 1/1
   396 | D:1      | 396 ||| INVOKING Berserk.
   397 | D:1      | 397 ||| INVOKING Berserk.
   720 | D:1      | 720 ||| DROPPING +0 club.
  1065 | D:1      | Reached XP level 3. HP: 31/31 MP: 2/2
  1114 | D:1      | Reached ** piety under Trog
  1138 | D:1      | 1138 ||| Stepping ~*~*~tactically~*~*~ (hiding).
  1354 | D:1      | 1354 ||| UPGRADING to +0 cloak.
  1359 | D:1      | 1359 ||| READING scroll labelled IRAXTAUWI.
  1362 | D:1      | 1362 ||| READING scroll labelled IMOAPR TURPH.
  1363 | D:1      | 1363 ||| READING scroll labelled IHULIMPUNI.
  1364 | D:1      | 1364 ||| READING scroll labelled PAAMYI VESO.
  1365 | D:1      | 1365 ||| READING scroll labelled HIEVIS UCHEAME.
  1712 | D:2      | Reached skill level 6 in Axes
  1712 | D:2      | Reached XP level 4. HP: 33/39 MP: 3/3
  1842 | D:2      | 1842 ||| SWAPPING to +0 war axe.
  1843 | D:2      | 1843 ||| DROPPING +0 hand axe.
  1872 | D:2      | Found a faded altar of an unknown god.
  1951 | D:2      | 1951 ||| INVOKING Berserk.
  2163 | D:2      | 2163 ||| Stepping ~*~*~tactically~*~*~ (stealth).
  2197 | D:2      | 2197 ||| Stepping ~*~*~tactically~*~*~ (stealth).
  2199 | D:2      | 2199 ||| Stepping ~*~*~tactically~*~*~ (stealth).
  2216 | D:2      | 2216 ||| Stepping ~*~*~tactically~*~*~ (stealth).
  2315 | D:2      | 2315 ||| Stepping ~*~*~tactically~*~*~ (stealth).
  2327 | D:2      | 2327 ||| Stepping ~*~*~tactically~*~*~ (stealth).
  2660 | D:2      | 2660 ||| UPGRADING to +0 ring mail.
  2670 | D:2      | 2670 ||| DROPPING +0 animal skin.
  2671 | D:2      | 2671 ||| UPGRADING to ring of protection from fire.
  2672 | D:2      | 2672 ||| READING 4 scrolls of identify.
  2672 | D:2      | 2672 ||| IDENTIFYING coppery potion
  2673 | D:2      | 2673 ||| READING 3 scrolls of identify.
  2673 | D:2      | 2673 ||| IDENTIFYING emerald potion
  2674 | D:2      | 2674 ||| DROPPING potion of magic.
  2713 | D:3      | 2713 ||| Stepping ~*~*~tactically~*~*~ (stealth).
  2714 | D:3      | 2714 ||| Stepping ~*~*~tactically~*~*~ (stealth).
  2717 | D:3      | 2717 ||| INVOKING Berserk.
  2724 | D:3      | Reached XP level 5. HP: 45/45 MP: 4/4
  2836 | D:3      | 2836 ||| DROPPING +0 whip.
  2897 | D:3      | 2897 ||| Stepping ~*~*~tactically~*~*~ (stealth).
  2922 | D:3      | 2922 ||| Stepping ~*~*~tactically~*~*~ (stealth).
  2946 | D:3      | Reached *** piety under Trog
  3001 | D:3      | Found a shadowy altar of Dithmenos.
  3550 | D:3      | 3550 ||| UPGRADING to ring of protection from cold.
  3551 | D:3      | 3551 ||| READING scroll labelled JYTZOICYOB.
  3552 | D:3      | 3552 ||| READING scroll labelled GOSOERO MUMO.
  3553 | D:3      | 3553 ||| READING scroll labelled CYKLEE ZINA.
  3554 | D:3      | 3554 ||| READING scroll labelled NICOWU HUJ HIFO.
  3655 | D:3      | 3655 ||| DRINKING 2 bubbling grey potions.
  3655 | D:3      | Gained mutation: You have supernaturally acute eyesight.
                  | (SInv) [potion of mutation]
  3655 | D:3      | Gained mutation: Your magical capacity is low. (-10% MP)
                  | [potion of mutation]
  3655 | D:3      | Gained mutation: You are agile. (Dex +4, Str/Int -1)
                  | [potion of mutation]
  3656 | D:3      | 3656 ||| READING 2 scrolls of identify.
  3656 | D:3      | 3656 ||| IDENTIFYING grey potion
  3689 | D:4      | 3689 ||| Stepping ~*~*~tactically~*~*~ (stealth).
  3722 | D:4      | 3722 ||| Stepping ~*~*~tactically~*~*~ (stealth).
  3734 | D:4      | 3734 ||| Stepping ~*~*~tactically~*~*~ (stealth).
  3735 | D:4      | 3735 ||| Stepping ~*~*~tactically~*~*~ (stealth).
  3738 | D:4      | 3738 ||| Stepping ~*~*~tactically~*~*~ (stealth).
  3740 | D:4      | 3740 ||| Stepping ~*~*~tactically~*~*~ (hiding).
  3741 | D:4      | 3741 ||| INVOKING Berserk.
  3743 | D:4      | Reached XP level 6. HP: 52/52 MP: 4/4
  3760 | D:4      | 3760 ||| Stepping ~*~*~tactically~*~*~ (stealth).
  4042 | D:4      | 4042 ||| Stepping ~*~*~tactically~*~*~ (hiding).
  4043 | D:4      | 4043 ||| Stepping ~*~*~tactically~*~*~ (hiding).
  4046 | D:4      | 4046 ||| Stepping ~*~*~tactically~*~*~ (hiding).
  4047 | D:4      | 4047 ||| Stepping ~*~*~tactically~*~*~ (hiding).
  4052 | D:4      | 4052 ||| INVOKING Berserk.
  4214 | D:4      | 4214 ||| Stepping ~*~*~tactically~*~*~ (stealth).
  4215 | D:4      | 4215 ||| Stepping ~*~*~tactically~*~*~ (stealth).
  4215 | D:4      | Noticed Ijyb
  4216 | D:4      | 4216 ||| Stepping ~*~*~tactically~*~*~ (hiding).
  4221 | D:4      | 4221 ||| INVOKING Berserk.
  4224 | D:4      | Killed Ijyb
  4414 | D:4      | 4414 ||| Stepping ~*~*~tactically~*~*~ (hiding).
  4446 | D:4      | Found a sparkling altar of Nemelex Xobeh.
  4561 | D:4      | Reached skill level 9 in Axes
  4561 | D:4      | Reached XP level 7. HP: 59/59 MP: 5/5
  4570 | D:4      | 4570 ||| UPGRADING to +2 scale mail of cold resistance.
  4580 | D:4      | 4580 ||| DROPPING +0 ring mail.
  4581 | D:4      | 4581 ||| READING scroll labelled YCLOSI UBUXT.
  4582 | D:4      | 4582 ||| READING scroll labelled OBOMOH NOEVEAJ.
  4583 | D:4      | 4583 ||| DRINKING 3 brown potions.
  4584 | D:4      | 4584 ||| READING 3 scrolls of identify.
  4584 | D:4      | 4584 ||| IDENTIFYING fizzy orange potion
  4585 | D:4      | 4585 ||| DROPPING potion of brilliance.
  4586 | D:4      | 4586 ||| READING scroll of teleportation.
  4606 | D:5      | Entered Level 5 of the Dungeon
  4615 | D:5      | 4615 ||| Stepping ~*~*~tactically~*~*~ (stealth).
  4617 | D:5      | 4617 ||| Stepping ~*~*~tactically~*~*~ (stealth).
  4633 | D:5      | 4633 ||| INVOKING Berserk.
  4645 | D:5      | Reached **** piety under Trog
  4785 | D:5      | 4785 ||| DROPPING +0 flail.
  4826 | D:5      | 4826 ||| INVOKING Berserk.
  4947 | D:5      | 4947 ||| Stepping ~*~*~tactically~*~*~ (stealth).
  4952 | D:5      | 4952 ||| INVOKING Berserk.
  5169 | D:5      | 5169 ||| Stepping ~*~*~tactically~*~*~ (hiding).
  5251 | D:5      | Reached skill level 6 in Fighting
  5251 | D:5      | Reached XP level 8. HP: 70/70 MP: 6/6
  5511 | D:5      | Found a burning altar of Makhleb.
  5511 | D:5      | Noticed a balrug
  5530 | D:5      | 5530 ||| UPGRADING to +0 plate armour of fire resistance.
  5540 | D:5      | 5540 ||| DROPPING +2 scale mail of cold resistance.
  5541 | D:5      | 5541 ||| READING 2 scrolls of identify.
  5541 | D:5      | 5541 ||| IDENTIFYING smoky blue potion
  5542 | D:5      | 5542 ||| DROPPING potion of ambrosia.
  5849 | D:6      | Found a runed translucent gate.
  5849 | D:6      | Found a runed translucent gate.
  5849 | D:6      | Found a runed translucent gate.
  5849 | D:6      | Noticed qw's ghost (novice MiFi)
  5869 | D:6      | Found a basalt altar of Yredelemnul.
  5879 | D:6      | Reached skill level 3 in Armour
  6176 | D:6      | 6176 ||| INVOKING Berserk.
  6255 | D:6      | 6255 ||| Stepping ~*~*~tactically~*~*~ (stealth).
  6256 | D:6      | 6256 ||| Stepping ~*~*~tactically~*~*~ (stealth).
  6593 | D:6      | Found a shimmering altar of Xom.
  6684 | D:6      | 6684 ||| DROPPING scarf of invisibility.
  6685 | D:6      | 6685 ||| READING scroll labelled WOYHOV WUE.
  6851 | D:6      | 6851 ||| INVOKING Berserk.
  6988 | D:6      | 6988 ||| Stepping ~*~*~tactically~*~*~ (stealth).
  6989 | D:6      | Identified the +1 falchion "Wimoh" {speed, rPois Dex+5
                  | Stlth-}
  6998 | D:6      | 6998 ||| INVOKING Berserk.
  7000 | D:6      | Reached skill level 12 in Axes
  7209 | D:6      | Found a bloodstained altar of Trog.
  7388 | D:7      | Noticed a two-headed ogre
  7392 | D:7      | 7392 ||| INVOKING Berserk.
  7394 | D:7      | Killed a two-headed ogre
  7395 | D:7      | Reached XP level 9. HP: 82/82 MP: 7/7
  7533 | D:7      | 7533 ||| Stepping ~*~*~tactically~*~*~ (stealth).
  7544 | D:7      | Reached skill level 3 in Dodging
  7583 | D:7      | 7583 ||| DROPPING +1 flail of protection.
  7643 | D:7      | Reached skill level 6 in Armour
  7745 | D:7      | 7745 ||| INVOKING Berserk.
  7878 | D:7      | Noticed Prince Ribbit
  7879 | D:7      | 7879 ||| INVOKING Berserk.
  7890 | D:7      | Killed Prince Ribbit
  7949 | D:7      | 7949 ||| Stepping ~*~*~tactically~*~*~ (stealth).
  7950 | D:7      | 7950 ||| Stepping ~*~*~tactically~*~*~ (stealth).
  7952 | D:7      | 7952 ||| Stepping ~*~*~tactically~*~*~ (stealth).
  7953 | D:7      | 7953 ||| Stepping ~*~*~tactically~*~*~ (stealth).
  7954 | D:7      | 7954 ||| Stepping ~*~*~tactically~*~*~ (stealth).
  7956 | D:7      | 7956 ||| Stepping ~*~*~tactically~*~*~ (stealth).
  7958 | D:7      | 7958 ||| Stepping ~*~*~tactically~*~*~ (stealth).
  7960 | D:7      | 7960 ||| Stepping ~*~*~tactically~*~*~ (stealth).
  7965 | D:7      | 7965 ||| Stepping ~*~*~tactically~*~*~ (stealth).
  8056 | D:7      | Noticed Maggie
  8057 | D:7      | 8057 ||| Stepping ~*~*~tactically~*~*~ (hiding).
  8063 | D:7      | Killed Maggie
  8082 | D:7      | 8082 ||| SWAPPING to +2 broad axe of electrocution.
  8083 | D:7      | 8083 ||| DROPPING +0 war axe of venom.
  8189 | D:7      | Noticed Menkaure
  8190 | D:7      | 8190 ||| Stepping ~*~*~tactically~*~*~ (hiding).
  8192 | D:7      | 8192 ||| Stepping ~*~*~tactically~*~*~ (hiding).
  8195 | D:7      | 8195 ||| INVOKING Berserk.
  8198 | D:7      | Killed Menkaure
  8374 | D:7      | 8374 ||| INVOKING Berserk.
  8571 | D:7      | 8571 ||| INVOKING Berserk.
  8579 | D:7      | Reached XP level 10. HP: 89/89 MP: 8/8
  8679 | D:7      | Noticed a fire dragon
  8680 | D:7      | 8680 ||| Stepping ~*~*~tactically~*~*~ (hiding).
  8692 | D:7      | Noticed a two-headed ogre
  8693 | D:7      | 8693 ||| INVOKING Berserk.
  8694 | D:7      | Killed a two-headed ogre
  8758 | D:7      | 8758 ||| INVOKING Berserk.
  8800 | D:7      | 8800 ||| INVOKING Berserk.
  8805 | D:7      | Killed a fire dragon
  8879 | D:7      | 8879 ||| Stepping ~*~*~tactically~*~*~ (stealth).
  8884 | D:7      | 8884 ||| Stepping ~*~*~tactically~*~*~ (stealth).
  8892 | D:7      | 8892 ||| INVOKING Berserk.
  8895 | D:7      | Reached skill level 15 in Axes
  9043 | D:7      | Reached skill level 9 in Fighting
  9114 | D:7      | Found a staircase to the Ecumenical Temple.
  9211 | D:7      | 9211 ||| FLEEEEING.
  9212 | D:7      | 9212 ||| FLEEEEING.
  9213 | D:7      | 9213 ||| FLEEEEING.
  9214 | D:7      | 9214 ||| FLEEEEING.
  9215 | D:7      | 9215 ||| FLEEEEING.
  9342 | D:7      | 9342 ||| FLEEEEING.
  9344 | D:7      | 9344 ||| FLEEEEING.
  9430 | D:7      | Found a runed translucent door.
  9431 | D:7      | Noticed Crazy Yiuf
  9466 | D:7      | 9466 ||| FLEEEEING.
  9467 | D:7      | 9467 ||| INVOKING Berserk.
  9580 | D:7      | 9580 ||| UPGRADING to +0 kite shield.
  9585 | D:7      | 9585 ||| READING 2 scrolls of identify.
  9585 | D:7      | 9585 ||| IDENTIFYING yellow potion
  9586 | D:7      | 9586 ||| DROPPING potion of attraction.
  9669 | D:8      | Found a transporter.
  9675 | D:8      | Found a transporter.
  9684 | D:8      | Noticed Gastronok
  9685 | D:8      | 9685 ||| Stepping ~*~*~tactically~*~*~ (hiding).
  9689 | D:8      | 9689 ||| Stepping ~*~*~tactically~*~*~ (hiding).
  9693 | D:8      | 9693 ||| Stepping ~*~*~tactically~*~*~ (hiding).
  9699 | D:8      | 9699 ||| INVOKING Berserk.
  9705 | D:8      | Killed Gastronok
  9760 | D:8      | Noticed Joseph
  9773 | D:8      | Killed Joseph
  9774 | D:8      | Reached XP level 11. HP: 76/97 MP: 8/8
  9897 | D:8      | Noticed qw's ghost (novice GrBe)
  9906 | D:8      | Reached skill level 6 in Shields
  9937 | D:8      | 9937 ||| Stepping ~*~*~tactically~*~*~ (hiding).
  9954 | D:8      | 9954 ||| Stepping ~*~*~tactically~*~*~ (hiding).
  9977 | D:8      | 9977 ||| Stepping ~*~*~tactically~*~*~ (hiding).
  9978 | D:8      | 9978 ||| Stepping ~*~*~tactically~*~*~ (hiding).
 10042 | D:8      | Found a white marble altar of Elyvilon.
 10046 | D:8      | Found a shimmering blue altar of Sif Muna.
 10052 | D:8      | Found an ancient bone altar of Kikubaaqudgha.
 10069 | D:8      | 10069 ||| Stepping ~*~*~tactically~*~*~ (hiding).
 10073 | D:8      | 10073 ||| INVOKING Berserk.
 10237 | D:8      | Found a glowing golden altar of the Shining One.
 10489 | D:8      | 10489 ||| UPGRADING to +1 hat of willpower.
 10571 | D:9      | 10571 ||| Stepping ~*~*~tactically~*~*~ (hiding).
 10592 | D:9      | 10592 ||| INVOKING Berserk.
 10607 | D:9      | HP: 17/97 [orc warrior/+0 dire flail (8)]
 10608 | D:9      | 10608 ||| READING 2 scrolls of teleportation.
 10609 | D:9      | 10609 ||| DRINKING 2 potions of heal wounds.
 10832 | D:9      | 10832 ||| INVOKING Berserk.
 10994 | D:9      | 10994 ||| Stepping ~*~*~tactically~*~*~ (hiding).
 10999 | D:9      | 10999 ||| INVOKING Berserk.
 11173 | D:9      | 11173 ||| INVOKING Berserk.
 11348 | D:9      | Found a broken altar of Ashenzari.
 11573 | D:9      | 11573 ||| Stepping ~*~*~tactically~*~*~ (stealth).
 11578 | D:9      | 11578 ||| Stepping ~*~*~tactically~*~*~ (stealth).
 11579 | D:9      | 11579 ||| Stepping ~*~*~tactically~*~*~ (stealth).
 11699 | D:9      | 11699 ||| UPGRADING to +0 pair of boots.
 11704 | D:9      | 11704 ||| DRINKING 2 lumpy brown potions.
 11705 | D:9      | 11705 ||| READING 5 scrolls of identify.
 11705 | D:9      | 11705 ||| IDENTIFYING red potion
 11706 | D:9      | 11706 ||| DROPPING potion of flight.
 11714 | D:10     | Entered Level 10 of the Dungeon
 11718 | D:10     | Identified the +1 war axe "Conservator" {flame, rCorr Int+3
                  | Stlth+}
 11720 | D:10     | 11720 ||| DROPPING +2 morningstar.
 11794 | D:10     | Reached skill level 9 in Shields
 11799 | D:10     | 11799 ||| INVOKING Berserk.
 11924 | D:10     | Noticed Snorg
 11926 | D:10     | 11926 ||| INVOKING Berserk.
 11931 | D:10     | Killed Snorg
 11969 | D:10     | 11969 ||| Stepping ~*~*~tactically~*~*~ (stealth).
 11971 | D:10     | 11971 ||| Stepping ~*~*~tactically~*~*~ (stealth).
 11973 | D:10     | 11973 ||| Stepping ~*~*~tactically~*~*~ (stealth).
 11974 | D:10     | 11974 ||| Stepping ~*~*~tactically~*~*~ (stealth).
 12104 | D:10     | Found a staircase to the Orcish Mines.
 12105 | D:10     | 12105 ||| Stepping ~*~*~tactically~*~*~ (hiding).
 12108 | D:10     | 12108 ||| INVOKING Berserk.
 12257 | D:10     | Found a staircase to the Lair.
 12400 | D:10     | 12400 ||| Stepping ~*~*~tactically~*~*~ (stealth).
 12947 | D:10     | 12947 ||| Stepping ~*~*~tactically~*~*~ (stealth).
 12949 | D:10     | 12949 ||| Stepping ~*~*~tactically~*~*~ (hiding).
 12950 | D:10     | 12950 ||| Stepping ~*~*~tactically~*~*~ (hiding).
 12956 | D:10     | 12956 ||| INVOKING Berserk.
 12994 | D:10     | 12994 ||| Stepping ~*~*~tactically~*~*~ (stealth).
 13030 | D:10     | 13030 ||| Stepping ~*~*~tactically~*~*~ (hiding).
 13181 | D:10     | 13181 ||| PLANNING LAIR
 13181 | D:10     | 13181 ||| UPGRADING to +0 crystal plate armour.
 13191 | D:10     | 13191 ||| UPGRADING to +2 tower shield of protection.
 13201 | D:10     | 13201 ||| DROPPING +0 kite shield.
 13202 | D:10     | 13202 ||| READING scroll labelled VEUCETEMAG.
 13203 | D:10     | 13203 ||| READING 5 scrolls of identify.
 13203 | D:10     | 13203 ||| IDENTIFYING purple potion
 13204 | D:10     | 13204 ||| DROPPING potion of lignification.
 13244 | Lair:1   | Entered Level 1 of the Lair of Beasts
 13312 | Lair:1   | 13312 ||| INVOKING Berserk.
 13487 | Lair:1   | 13487 ||| DRINKING 3 potions of cancellation.
 13534 | Lair:1   | 13534 ||| DRINKING 2 potions of cancellation.
 13576 | Lair:1   | 13576 ||| Stepping ~*~*~tactically~*~*~ (hiding).
 13717 | Lair:1   | 13717 ||| INVOKING Berserk.
 13853 | Lair:1   | 13853 ||| Stepping ~*~*~tactically~*~*~ (hiding).
 13854 | Lair:1   | 13854 ||| Stepping ~*~*~tactically~*~*~ (hiding).
 13855 | Lair:1   | 13855 ||| Stepping ~*~*~tactically~*~*~ (hiding).
 13857 | Lair:1   | 13857 ||| Stepping ~*~*~tactically~*~*~ (hiding).
 13858 | Lair:1   | 13858 ||| INVOKING Berserk.
 13993 | Lair:1   | 13993 ||| INVOKING Berserk.
 13999 | Lair:1   | Reached skill level 12 in Shields
 13999 | Lair:1   | Reached XP level 12. HP: 104/104 MP: 9/9
 14130 | Lair:1   | Noticed a seven-headed hydra
 14131 | Lair:1   | 14131 ||| INVOKING Brothers in Arms.
 14132 | Lair:1   | 14132 ||| INVOKING Brothers in Arms.
 14133 | Lair:1   | 14133 ||| INVOKING Brothers in Arms.
 14134 | Lair:1   | 14134 ||| INVOKING Brothers in Arms.
 14135 | Lair:1   | 14135 ||| SWAPPING to +1 war axe "Conservator" {flame,
                  | rCorr Int+3 Stlth+}.
 14136 | Lair:1   | 14136 ||| INVOKING Berserk.
 14139 | Lair:1   | Killed a four-headed hydra
 14144 | Lair:1   | 14144 ||| SWAPPING to +2 broad axe of electrocution.
 14283 | Lair:1   | 14283 ||| INVOKING Berserk.
 14671 | Lair:1   | 14671 ||| UPGRADING to +1 pair of boots.
 14681 | Lair:1   | 14681 ||| DROPPING +0 pair of boots.
 14721 | Lair:2   | 14721 ||| Stepping ~*~*~tactically~*~*~ (hiding).
 14725 | Lair:2   | 14725 ||| Stepping ~*~*~tactically~*~*~ (hiding).
 14866 | Lair:2   | 14866 ||| Stepping ~*~*~tactically~*~*~ (stealth).
 14867 | Lair:2   | 14867 ||| Stepping ~*~*~tactically~*~*~ (stealth).
 14869 | Lair:2   | 14869 ||| Stepping ~*~*~tactically~*~*~ (stealth).
 14870 | Lair:2   | 14870 ||| INVOKING Berserk.
 14874 | Lair:2   | Reached skill level 9 in Armour
 15052 | Lair:2   | 15052 ||| Stepping ~*~*~tactically~*~*~ (stealth).
 15053 | Lair:2   | 15053 ||| Stepping ~*~*~tactically~*~*~ (stealth).
 15071 | Lair:2   | 15071 ||| Stepping ~*~*~tactically~*~*~ (stealth).
 15075 | Lair:2   | 15075 ||| INVOKING Berserk.
 15170 | Lair:2   | 15170 ||| Stepping ~*~*~tactically~*~*~ (stealth).
 15254 | Lair:2   | Found a staircase to the Swamp.
 15258 | Lair:2   | 15258 ||| Stepping ~*~*~tactically~*~*~ (hiding).
 15262 | Lair:2   | 15262 ||| Stepping ~*~*~tactically~*~*~ (stealth).
 15290 | Lair:2   | 15290 ||| Stepping ~*~*~tactically~*~*~ (hiding).
 15352 | Lair:2   | 15352 ||| Stepping ~*~*~tactically~*~*~ (stealth).
 15356 | Lair:2   | 15356 ||| FLEEEEING.
 15376 | Lair:2   | 15376 ||| FLEEEEING.
 15377 | Lair:2   | 15377 ||| FLEEEEING.
 15379 | Lair:2   | 15379 ||| FLEEEEING.
 15381 | Lair:2   | 15381 ||| FLEEEEING.
 15579 | Lair:2   | You fall into a shaft and drop 2 floors!
 15593 | Lair:4   | 15593 ||| READING scroll labelled BIAKLA ADOIQAAB.
 15774 | Lair:4   | 15774 ||| Stepping ~*~*~tactically~*~*~ (stealth).
 15775 | Lair:4   | 15775 ||| Stepping ~*~*~tactically~*~*~ (stealth).
 15776 | Lair:4   | 15776 ||| Stepping ~*~*~tactically~*~*~ (stealth).
 15782 | Lair:4   | 15782 ||| INVOKING Berserk.
 15895 | Lair:4   | 15895 ||| READING 4 scrolls of identify.
 15895 | Lair:4   | 15895 ||| IDENTIFYING glowing red potion
 15896 | Lair:4   | 15896 ||| DROPPING potion of invisibility.
 15902 | Lair:4   | Noticed an eight-headed hydra
 15903 | Lair:4   | 15903 ||| INVOKING Brothers in Arms.
 15904 | Lair:4   | 15904 ||| INVOKING Brothers in Arms.
 15905 | Lair:4   | 15905 ||| INVOKING Brothers in Arms.
 15906 | Lair:4   | 15906 ||| INVOKING Brothers in Arms.
 15907 | Lair:4   | 15907 ||| SWAPPING to +1 war axe "Conservator" {flame,
                  | rCorr Int+3 Stlth+}.
 15908 | Lair:4   | 15908 ||| INVOKING Berserk.
 15910 | Lair:4   | Killed a six-headed hydra
 15935 | Lair:4   | 15935 ||| SWAPPING to +2 broad axe of electrocution.
 15937 | Lair:4   | 15937 ||| FLEEEEING.
 15938 | Lair:4   | 15938 ||| FLEEEEING.
 15939 | Lair:4   | 15939 ||| STAIRDANCE
 16085 | Lair:3   | Noticed a five-headed hydra
 16086 | Lair:3   | 16086 ||| INVOKING Brothers in Arms.
 16088 | Lair:3   | 16088 ||| SWAPPING to +1 war axe "Conservator" {flame,
                  | rCorr Int+3 Stlth+}.
 16089 | Lair:3   | 16089 ||| INVOKING Berserk.
 16092 | Lair:3   | Killed a four-headed hydra
 16105 | Lair:3   | 16105 ||| SWAPPING to +2 broad axe of electrocution.
 16130 | Lair:3   | 16130 ||| Stepping ~*~*~tactically~*~*~ (stealth).
 16133 | Lair:3   | 16133 ||| Stepping ~*~*~tactically~*~*~ (stealth).
 16136 | Lair:3   | 16136 ||| Stepping ~*~*~tactically~*~*~ (stealth).
 16153 | Lair:3   | 16153 ||| Stepping ~*~*~tactically~*~*~ (stealth).
 16156 | Lair:3   | 16156 ||| Stepping ~*~*~tactically~*~*~ (stealth).
 16160 | Lair:3   | 16160 ||| Stepping ~*~*~tactically~*~*~ (stealth).
 16334 | Lair:3   | 16334 ||| Stepping ~*~*~tactically~*~*~ (hiding).
 16443 | Lair:3   | 16443 ||| Stepping ~*~*~tactically~*~*~ (stealth).
 16445 | Lair:3   | Found a staircase to the Snake Pit.
 16663 | Lair:2   | Reached XP level 13. HP: 111/111 MP: 10/10
 16719 | Lair:2   | 16719 ||| Stepping ~*~*~tactically~*~*~ (hiding).
 16724 | Lair:2   | 16724 ||| INVOKING Berserk.
 16729 | Lair:2   | 16729 ||| Stepping ~*~*~tactically~*~*~ (cloud).
 16733 | Lair:2   | 16733 ||| Stepping ~*~*~tactically~*~*~ (cloud).
 16738 | Lair:2   | 16738 ||| Stepping ~*~*~tactically~*~*~ (cloud).
 17079 | Lair:2   | 17079 ||| INVOKING Brothers in Arms.
 17080 | Lair:2   | 17080 ||| INVOKING Brothers in Arms.
 17081 | Lair:2   | 17081 ||| INVOKING Brothers in Arms.
 17082 | Lair:2   | 17082 ||| INVOKING Brothers in Arms.
 17083 | Lair:2   | 17083 ||| INVOKING Brothers in Arms.
 17084 | Lair:2   | 17084 ||| INVOKING Brothers in Arms.
 17085 | Lair:2   | 17085 ||| SWAPPING to +1 war axe "Conservator" {flame,
                  | rCorr Int+3 Stlth+}.
 17086 | Lair:2   | 17086 ||| INVOKING Berserk.
 17132 | Lair:2   | 17132 ||| SWAPPING to +2 broad axe of electrocution.
 17443 | Lair:2   | 17443 ||| UPGRADING to +0 pair of gloves.
 17663 | Lair:3   | 17663 ||| Stepping ~*~*~tactically~*~*~ (hiding).
 17717 | Lair:4   | 17717 ||| INVOKING Berserk.
 17763 | Lair:4   | 17763 ||| READING scroll of enchant armour.
 17763 | Lair:4   | 17763 ||| ENCHANTING +0 crystal plate armour.
 17853 | Lair:4   | 17853 ||| INVOKING Berserk.
 17976 | Lair:4   | 17976 ||| Stepping ~*~*~tactically~*~*~ (stealth).
 18000 | Lair:4   | 18000 ||| Stepping ~*~*~tactically~*~*~ (stealth).
 18030 | Lair:4   | 18030 ||| INVOKING Berserk.
 18076 | Lair:4   | 18076 ||| Stepping ~*~*~tactically~*~*~ (stealth).
 18355 | Lair:4   | 18355 ||| Stepping ~*~*~tactically~*~*~ (stealth).
 18359 | Lair:4   | 18359 ||| Stepping ~*~*~tactically~*~*~ (stealth).
 18364 | Lair:4   | 18364 ||| Stepping ~*~*~tactically~*~*~ (stealth).
 18375 | Lair:4   | Reached skill level 15 in Shields
 18379 | Lair:4   | 18379 ||| INVOKING Berserk.
 18746 | Lair:4   | 18746 ||| INVOKING Berserk.
 18893 | Lair:4   | 18893 ||| READING scroll of enchant armour.
 18893 | Lair:4   | 18893 ||| ENCHANTING +1 crystal plate armour.
 19029 | Lair:4   | Reached skill level 12 in Armour
 19050 | Lair:4   | 19050 ||| INVOKING Brothers in Arms.
 19051 | Lair:4   | 19051 ||| INVOKING Brothers in Arms.
 19052 | Lair:4   | 19052 ||| INVOKING Brothers in Arms.
 19053 | Lair:4   | 19053 ||| INVOKING Brothers in Arms.
 19054 | Lair:4   | 19054 ||| INVOKING Brothers in Arms.
 19055 | Lair:4   | 19055 ||| SWAPPING to +1 war axe "Conservator" {flame,
                  | rCorr Int+3 Stlth+}.
 19056 | Lair:4   | 19056 ||| INVOKING Berserk.
 19063 | Lair:4   | 19063 ||| SWAPPING to +2 broad axe of electrocution.
 19179 | Lair:4   | 19179 ||| DROPPING +0 plate armour of fire resistance.
 19238 | Lair:5   | Entered Level 5 of the Lair of Beasts
 19247 | Lair:5   | 19247 ||| INVOKING Berserk.
 19331 | Lair:5   | 19331 ||| Stepping ~*~*~tactically~*~*~ (stealth).
 19332 | Lair:5   | 19332 ||| Stepping ~*~*~tactically~*~*~ (stealth).
 19339 | Lair:5   | 19339 ||| Stepping ~*~*~tactically~*~*~ (stealth).
 19343 | Lair:5   | 19343 ||| INVOKING Berserk.
 19367 | Lair:5   | Reached skill level 18 in Axes
 19490 | Lair:5   | 19490 ||| Stepping ~*~*~tactically~*~*~ (hiding).
 19580 | Lair:5   | 19580 ||| Stepping ~*~*~tactically~*~*~ (stealth).
 19581 | Lair:5   | 19581 ||| Stepping ~*~*~tactically~*~*~ (stealth).
 19583 | Lair:5   | 19583 ||| Stepping ~*~*~tactically~*~*~ (stealth).
 19589 | Lair:5   | 19589 ||| INVOKING Berserk.
 19719 | Lair:5   | 19719 ||| Stepping ~*~*~tactically~*~*~ (stealth).
 19726 | Lair:5   | 19726 ||| INVOKING Berserk.
 19819 | Lair:5   | 19819 ||| Stepping ~*~*~tactically~*~*~ (stealth).
 19832 | Lair:5   | 19832 ||| Stepping ~*~*~tactically~*~*~ (stealth).
 19847 | Lair:5   | 19847 ||| INVOKING Brothers in Arms.
 19848 | Lair:5   | 19848 ||| INVOKING Brothers in Arms.
 19849 | Lair:5   | 19849 ||| SWAPPING to +1 war axe "Conservator" {flame,
                  | rCorr Int+3 Stlth+}.
 19850 | Lair:5   | 19850 ||| INVOKING Berserk.
 19852 | Lair:5   | Reached XP level 14. HP: 124/124 MP: 11/11
 19858 | Lair:5   | 19858 ||| SWAPPING to +2 broad axe of electrocution.
 19977 | Lair:5   | 19977 ||| Stepping ~*~*~tactically~*~*~ (water).
 19997 | Lair:5   | 19997 ||| Stepping ~*~*~tactically~*~*~ (stealth).
 20012 | Lair:5   | 20012 ||| Stepping ~*~*~tactically~*~*~ (stealth).
 20014 | Lair:5   | 20014 ||| Stepping ~*~*~tactically~*~*~ (hiding).
 20015 | Lair:5   | 20015 ||| Stepping ~*~*~tactically~*~*~ (hiding).
 20073 | Lair:5   | 20073 ||| Stepping ~*~*~tactically~*~*~ (stealth).
 20074 | Lair:5   | 20074 ||| Stepping ~*~*~tactically~*~*~ (stealth).
 20075 | Lair:5   | 20075 ||| Stepping ~*~*~tactically~*~*~ (stealth).
 20089 | Lair:5   | 20089 ||| INVOKING Berserk.
 20228 | Lair:5   | 20228 ||| Stepping ~*~*~tactically~*~*~ (stealth).
 20232 | Lair:5   | 20232 ||| Stepping ~*~*~tactically~*~*~ (stealth).
 20234 | Lair:5   | 20234 ||| Stepping ~*~*~tactically~*~*~ (hiding).
 20258 | Lair:5   | 20258 ||| READING scroll of enchant armour.
 20258 | Lair:5   | 20258 ||| ENCHANTING +2 crystal plate armour.
 20283 | Lair:5   | Identified the +8 quarterstaff of Hubris {freeze, Str+5}
 20475 | Lair:5   | 20475 ||| Stepping ~*~*~tactically~*~*~ (stealth).
 20476 | Lair:5   | 20476 ||| INVOKING Berserk.
 20613 | Lair:5   | 20613 ||| Stepping ~*~*~tactically~*~*~ (stealth).
 20625 | Lair:5   | 20625 ||| Stepping ~*~*~tactically~*~*~ (hiding).
 20627 | Lair:5   | 20627 ||| Stepping ~*~*~tactically~*~*~ (cloud).
 20628 | Lair:5   | 20628 ||| Stepping ~*~*~tactically~*~*~ (cloud).
 20629 | Lair:5   | 20629 ||| INVOKING Berserk.
 20745 | Lair:5   | 20745 ||| INVOKING Brothers in Arms.
 20746 | Lair:5   | 20746 ||| INVOKING Brothers in Arms.
 20747 | Lair:5   | 20747 ||| INVOKING Brothers in Arms.
 20748 | Lair:5   | 20748 ||| INVOKING Brothers in Arms.
 20749 | Lair:5   | 20749 ||| SWAPPING to +1 war axe "Conservator" {flame,
                  | rCorr Int+3 Stlth+}.
 20750 | Lair:5   | 20750 ||| INVOKING Berserk.
 20756 | Lair:5   | 20756 ||| SWAPPING to +2 broad axe of electrocution.
 20887 | Lair:5   | 20887 ||| INVOKING Brothers in Arms.
 20891 | Lair:5   | 20891 ||| SWAPPING to +1 war axe "Conservator" {flame,
                  | rCorr Int+3 Stlth+}.
 20893 | Lair:5   | 20893 ||| INVOKING Berserk.
 20918 | Lair:5   | 20918 ||| SWAPPING to +2 broad axe of electrocution.
 21082 | Lair:5   | 21082 ||| INVOKING Brothers in Arms.
 21084 | Lair:5   | 21084 ||| SWAPPING to +1 war axe "Conservator" {flame,
                  | rCorr Int+3 Stlth+}.
 21086 | Lair:5   | 21086 ||| INVOKING Berserk.
 21097 | Lair:5   | Found a viscous altar of Jiyva.
 21097 | Lair:5   | Found a staircase to the Slime Pits.
 21105 | Lair:5   | 21105 ||| SWAPPING to +2 broad axe of electrocution.
 21108 | Lair:5   | Reached skill level 12 in Fighting
 21360 | Lair:5   | 21360 ||| Stepping ~*~*~tactically~*~*~ (hiding).
 21363 | Lair:5   | 21363 ||| INVOKING Berserk.
 21522 | Lair:5   | 21522 ||| INVOKING Berserk.
 21649 | Lair:5   | 21649 ||| READING scroll of enchant armour.
 21649 | Lair:5   | 21649 ||| ENCHANTING +3 crystal plate armour.
 21655 | Lair:5   | 21655 ||| Stepping ~*~*~tactically~*~*~ (stealth).
 21656 | Lair:5   | 21656 ||| Stepping ~*~*~tactically~*~*~ (stealth).
 21659 | Lair:5   | 21659 ||| Stepping ~*~*~tactically~*~*~ (stealth).
 21671 | Lair:5   | 21671 ||| Stepping ~*~*~tactically~*~*~ (hiding).
 21689 | Lair:5   | 21689 ||| Stepping ~*~*~tactically~*~*~ (hiding).
 21695 | Lair:5   | 21695 ||| Stepping ~*~*~tactically~*~*~ (stealth).
 21698 | Lair:5   | 21698 ||| INVOKING Berserk.
 21972 | Lair:5   | 21972 ||| PLANNING D:1-11
 21972 | Lair:5   | 21972 ||| READING scroll labelled PISOIGG NESA.
 21973 | Lair:5   | 21973 ||| READING 5 scrolls of identify.
 21973 | Lair:5   | 21973 ||| IDENTIFYING cyan potion
 21974 | Lair:5   | 21974 ||| READING 4 scrolls of identify.
 21974 | Lair:5   | 21974 ||| IDENTIFYING fuming golden potion
 21975 | Lair:5   | 21975 ||| DROPPING potion of degeneration.
 22145 | D:11     | 22145 ||| READING scroll of enchant weapon.
 22145 | D:11     | 22145 ||| ENCHANTING +3 broad axe of electrocution.
 22158 | D:11     | Found Holusi's Weapon Boutique.
 22339 | D:11     | 22339 ||| INVOKING Berserk.
 22348 | D:11     | 22348 ||| FLEEEEING.
 22349 | D:11     | 22349 ||| FLEEEEING.
 22350 | D:11     | 22350 ||| FLEEEEING.
 22351 | D:11     | 22351 ||| FLEEEEING.
 22352 | D:11     | 22352 ||| FLEEEEING.
 22353 | D:11     | 22353 ||| FLEEEEING.
 22354 | D:11     | 22354 ||| FLEEEEING.
 22355 | D:11     | 22355 ||| FLEEEEING.
 22356 | D:11     | 22356 ||| FLEEEEING.
 22357 | D:11     | 22357 ||| FLEEEEING.
 22358 | D:11     | 22358 ||| FLEEEEING.
 22359 | D:11     | 22359 ||| FLEEEEING.
 22360 | D:11     | 22360 ||| FLEEEEING.
 22361 | D:11     | 22361 ||| FLEEEEING.
 22362 | D:11     | 22362 ||| FLEEEEING.
 22363 | D:11     | 22363 ||| FLEEEEING.
 22364 | D:11     | 22364 ||| FLEEEEING.
 22365 | D:11     | 22365 ||| FLEEEEING.
 22366 | D:11     | 22366 ||| FLEEEEING.
 22368 | D:11     | 22368 ||| FLEEEEING.
 22369 | D:11     | 22369 ||| STAIRDANCE
 22477 | D:10     | 22477 ||| DROPPING ring of fire.
 22541 | D:11     | 22541 ||| Stepping ~*~*~tactically~*~*~ (stealth).
 22699 | D:11     | 22699 ||| FLEEEEING.
 22700 | D:11     | 22700 ||| FLEEEEING.
 22701 | D:11     | 22701 ||| FLEEEEING.
 22716 | D:11     | 22716 ||| FLEEEEING.
 22717 | D:11     | 22717 ||| FLEEEEING.
 22718 | D:11     | 22718 ||| FLEEEEING.
 22719 | D:11     | 22719 ||| FLEEEEING.
 22721 | D:11     | 22721 ||| FLEEEEING.
 22722 | D:11     | 22722 ||| FLEEEEING.
 22723 | D:11     | 22723 ||| FLEEEEING.
 22724 | D:11     | 22724 ||| FLEEEEING.
 22725 | D:11     | 22725 ||| FLEEEEING.
 22726 | D:11     | 22726 ||| FLEEEEING.
 22734 | D:11     | 22734 ||| FLEEEEING.
 22735 | D:11     | 22735 ||| FLEEEEING.
 22736 | D:11     | 22736 ||| FLEEEEING.
 22737 | D:11     | 22737 ||| FLEEEEING.
 22738 | D:11     | 22738 ||| FLEEEEING.
 22740 | D:11     | 22740 ||| FLEEEEING.
 22741 | D:11     | 22741 ||| FLEEEEING.
 22742 | D:11     | 22742 ||| FLEEEEING.
 22743 | D:11     | 22743 ||| FLEEEEING.
 22747 | D:11     | 22747 ||| FLEEEEING.
 22748 | D:11     | 22748 ||| FLEEEEING.
 22749 | D:11     | 22749 ||| FLEEEEING.
 22750 | D:11     | 22750 ||| FLEEEEING.
 22751 | D:11     | 22751 ||| FLEEEEING.
 22752 | D:11     | 22752 ||| FLEEEEING.
 22753 | D:11     | 22753 ||| FLEEEEING.
 22754 | D:11     | 22754 ||| FLEEEEING.
 22755 | D:11     | 22755 ||| FLEEEEING.
 22761 | D:11     | 22761 ||| FLEEEEING.
 22762 | D:11     | 22762 ||| FLEEEEING.
 22768 | D:11     | 22768 ||| FLEEEEING.
 22780 | D:11     | 22780 ||| STAIRDANCE
 22851 | D:11     | 22851 ||| STAIRDANCE
 23145 | D:11     | 23145 ||| INVOKING Berserk.
 23150 | D:11     | 23150 ||| FLEEEEING.
 23151 | D:11     | 23151 ||| FLEEEEING.
 23152 | D:11     | 23152 ||| FLEEEEING.
 23153 | D:11     | 23153 ||| FLEEEEING.
 23154 | D:11     | 23154 ||| FLEEEEING.
 23161 | D:11     | 23161 ||| FLEEEEING.
 23162 | D:11     | 23162 ||| FLEEEEING.
 23163 | D:11     | 23163 ||| FLEEEEING.
 23164 | D:11     | 23164 ||| FLEEEEING.
 23165 | D:11     | 23165 ||| STAIRDANCE
 23276 | D:11     | 23276 ||| INVOKING Berserk.
 23294 | D:11     | 23294 ||| FLEEEEING.
 23295 | D:11     | 23295 ||| FLEEEEING.
 23296 | D:11     | 23296 ||| FLEEEEING.
 23297 | D:11     | 23297 ||| FLEEEEING.
 23298 | D:11     | 23298 ||| FLEEEEING.
 23299 | D:11     | 23299 ||| FLEEEEING.
 23300 | D:11     | 23300 ||| FLEEEEING.
 23301 | D:11     | 23301 ||| STAIRDANCE
 23429 | D:11     | 23429 ||| PLANNING D
 23591 | D:12     | 23591 ||| Stepping ~*~*~tactically~*~*~ (stealth).
 23593 | D:12     | 23593 ||| Stepping ~*~*~tactically~*~*~ (hiding).
 23602 | D:12     | 23602 ||| Stepping ~*~*~tactically~*~*~ (stealth).
 23605 | D:12     | 23605 ||| Stepping ~*~*~tactically~*~*~ (stealth).
 23657 | D:12     | Reached skill level 15 in Armour
 23674 | D:12     | 23674 ||| INVOKING Brothers in Arms.
 23677 | D:12     | 23677 ||| SWAPPING to +1 war axe "Conservator" {flame,
                  | rCorr Int+3 Stlth+}.
 23678 | D:12     | 23678 ||| INVOKING Berserk.
 23695 | D:12     | 23695 ||| SWAPPING to +4 broad axe of electrocution.
 23695 | D:12     | Noticed a storm dragon
 23696 | D:12     | 23696 ||| DRINKING potion of resistance.
 23709 | D:12     | Killed a storm dragon
 23710 | D:12     | Reached XP level 15. HP: 61/134 MP: 12/12
 24174 | D:12     | 24174 ||| Stepping ~*~*~tactically~*~*~ (stealth).
 24176 | D:12     | 24176 ||| Stepping ~*~*~tactically~*~*~ (stealth).
 24177 | D:12     | 24177 ||| Stepping ~*~*~tactically~*~*~ (stealth).
 24183 | D:12     | 24183 ||| Stepping ~*~*~tactically~*~*~ (stealth).
 24260 | D:12     | 24260 ||| Stepping ~*~*~tactically~*~*~ (stealth).
 24472 | D:13     | 24472 ||| Stepping ~*~*~tactically~*~*~ (hiding).
 24475 | D:13     | Noticed Maurice
 24491 | D:13     | Killed Maurice
 24501 | D:13     | 24501 ||| Stepping ~*~*~tactically~*~*~ (hiding).
 24814 | D:13     | Noticed Erolcha
 24815 | D:13     | 24815 ||| INVOKING Trog's Hand.
 24821 | D:13     | Killed Erolcha
 24887 | D:13     | Found Douloal Zutu's Jewellery Shoppe.
 24889 | D:13     | 24889 ||| SWAPPING to +1 war axe "Conservator" {flame,
                  | rCorr Int+3 Stlth+}.
 24897 | D:13     | 24897 ||| SWAPPING to +4 broad axe of electrocution.
 25028 | D:13     | 25028 ||| SWAPPING to +1 war axe "Conservator" {flame,
                  | rCorr Int+3 Stlth+}.
 25033 | D:13     | 25033 ||| SWAPPING to +4 broad axe of electrocution.
 25347 | D:14     | 25347 ||| Stepping ~*~*~tactically~*~*~ (hiding).
 25399 | D:14     | Reached ***** piety under Trog
 25515 | D:14     | 25515 ||| FLEEEEING.
 25516 | D:14     | 25516 ||| FLEEEEING.
 25517 | D:14     | 25517 ||| STAIRDANCE
 25621 | D:14     | 25621 ||| STAIRDANCE
 25628 | D:14     | 25628 ||| STAIRDANCE
 25634 | D:14     | 25634 ||| STAIRDANCE
 25641 | D:14     | 25641 ||| INVOKING Trog's Hand.
 25645 | D:14     | Noticed Josephine
 25655 | D:14     | Killed Josephine
 25656 | D:14     | Reached skill level 6 in Dodging
 25738 | D:14     | 25738 ||| Stepping ~*~*~tactically~*~*~ (stealth).
 25934 | D:14     | Identified the +6 spear "Zishry" {elec, rC+ Int+4}
 25936 | D:14     | 25936 ||| INVOKING Berserk.
 25959 | D:14     | 25959 ||| INVOKING Trog's Hand.
 25962 | D:14     | 25962 ||| INVOKING Brothers in Arms.
 26100 | D:14     | Found a gate to the Vaults.
 26187 | D:14     | Found an ornate altar of the Wu Jian Council.
 26382 | D:14     | Noticed Rupert
 26383 | D:14     | 26383 ||| INVOKING Trog's Hand.
 26386 | D:14     | 26386 ||| INVOKING Berserk.
 26395 | D:14     | Killed Rupert
 26550 | D:14     | Reached skill level 18 in Shields
 26572 | D:14     | 26572 ||| UPGRADING to amulet of regeneration.
 26634 | D:15     | Entered Level 15 of the Dungeon
 26662 | D:15     | Found a staircase to the Depths.
 26666 | D:15     | 26666 ||| INVOKING Berserk.
 26770 | D:15     | 26770 ||| Stepping ~*~*~tactically~*~*~ (stealth).
 26885 | D:15     | 26885 ||| SWAPPING to +1 war axe "Conservator" {flame,
                  | rCorr Int+3 Stlth+}.
 26894 | D:15     | 26894 ||| SWAPPING to +4 broad axe of electrocution.
 26961 | D:15     | 26961 ||| Stepping ~*~*~tactically~*~*~ (stealth).
 26963 | D:15     | 26963 ||| Stepping ~*~*~tactically~*~*~ (stealth).
 26976 | D:15     | 26976 ||| Stepping ~*~*~tactically~*~*~ (hiding).
 26979 | D:15     | 26979 ||| Stepping ~*~*~tactically~*~*~ (hiding).
 26981 | D:15     | 26981 ||| INVOKING Trog's Hand.
 26982 | D:15     | 26982 ||| INVOKING Berserk.
 27293 | D:15     | 27293 ||| PLANNING ORC
 27293 | D:15     | 27293 ||| UPGRADING to +6 ring of strength.
 27396 | Orc:1    | Entered Level 1 of the Orcish Mines
 27437 | Orc:1    | 27437 ||| Stepping ~*~*~tactically~*~*~ (hiding).
 27446 | Orc:1    | 27446 ||| Stepping ~*~*~tactically~*~*~ (stealth).
 27479 | Orc:1    | Found a dark tunnel.
 27487 | Orc:1    | Found a transporter.
 27634 | Orc:1    | Noticed an orc warlord
 27644 | Orc:1    | Found a transporter.
 27728 | Orc:1    | Found Ciytadef's Antique Armour Shop.
 27735 | Orc:1    | Noticed Nergalle
 27737 | Orc:1    | 27737 ||| Stepping ~*~*~tactically~*~*~ (hiding).
 27745 | Orc:1    | Killed Nergalle
 28032 | Orc:1    | Noticed ggurman's ghost (journeyman MiFi)
 28040 | Orc:1    | Found a one-way gate to the infinite horrors of the Abyss.
 28096 | Orc:2    | Entered Level 2 of the Orcish Mines
 28264 | Orc:2    | Found Sainaung's Distillery.
 28286 | Orc:2    | 28286 ||| BUYING potion of cancellation (104 gold).
 28286 | Orc:2    | Bought a potion of cancellation for 104 gold pieces
 28286 | Orc:2    | 28286 ||| BUYING potion of curing (39 gold).
 28286 | Orc:2    | Bought a potion of curing for 39 gold pieces
 28286 | Orc:2    | 28286 ||| BUYING potion of haste (130 gold).
 28286 | Orc:2    | Bought a potion of haste for 130 gold pieces
 28286 | Orc:2    | 28286 ||| BUYING potion of heal wounds (65 gold).
 28286 | Orc:2    | Bought a potion of heal wounds for 65 gold pieces
 28291 | Orc:2    | Found a staircase to the Elven Halls.
 28306 | Orc:2    | 28306 ||| Stepping ~*~*~tactically~*~*~ (stealth).
 28310 | Orc:2    | 28310 ||| Stepping ~*~*~tactically~*~*~ (stealth).
 28311 | Orc:2    | 28311 ||| Stepping ~*~*~tactically~*~*~ (stealth).
 28318 | Orc:2    | 28318 ||| Stepping ~*~*~tactically~*~*~ (stealth).
 28328 | Orc:2    | 28328 ||| INVOKING Berserk.
 28345 | Orc:2    | 28345 ||| Stepping ~*~*~tactically~*~*~ (stealth).
 28385 | Orc:2    | 28385 ||| Stepping ~*~*~tactically~*~*~ (stealth).
 28386 | Orc:2    | 28386 ||| INVOKING Trog's Hand.
 28389 | Orc:2    | 28389 ||| INVOKING Berserk.
 28408 | Orc:2    | 28408 ||| INVOKING Brothers in Arms.
 28413 | Orc:2    | 28413 ||| INVOKING Trog's Hand.
 28418 | Orc:2    | 28418 ||| INVOKING Brothers in Arms.
 28423 | Orc:2    | Reached XP level 16. HP: 147/147 MP: 13/13
 28429 | Orc:2    | 28429 ||| INVOKING Brothers in Arms.
 28474 | Orc:2    | Found Gueroir's Book Emporium.
 28474 | Orc:2    | Found Faffimo's Antique Armour Boutique.
 28476 | Orc:2    | Found Bekk's Magic Scroll Emporium.
 28476 | Orc:2    | Found Mown's General Store.
 28484 | Orc:2    | 28484 ||| BUYING scroll of enchant weapon (120 gold).
 28484 | Orc:2    | Bought a scroll of enchant weapon for 120 gold pieces
 28484 | Orc:2    | 28484 ||| BUYING scroll of identify (32 gold).
 28484 | Orc:2    | Bought a scroll of identify for 32 gold pieces
 28484 | Orc:2    | 28484 ||| BUYING scroll of identify (32 gold).
 28484 | Orc:2    | Bought a scroll of identify for 32 gold pieces
 28484 | Orc:2    | 28484 ||| BUYING scroll of teleportation (48 gold).
 28484 | Orc:2    | Bought a scroll of teleportation for 48 gold pieces
 28484 | Orc:2    | 28484 ||| BUYING scroll of teleportation (48 gold).
 28484 | Orc:2    | Bought a scroll of teleportation for 48 gold pieces
 28484 | Orc:2    | 28484 ||| BUYING scroll of teleportation (48 gold).
 28484 | Orc:2    | Bought a scroll of teleportation for 48 gold pieces
 28484 | Orc:2    | 28484 ||| READING scroll of enchant weapon.
 28484 | Orc:2    | 28484 ||| ENCHANTING +4 broad axe of electrocution.
 28486 | Orc:2    | 28486 ||| BUYING ring "Oniocif" {Wiz rF+ rC- Dex+4} (681
                  | gold).
 28486 | Orc:2    | Bought the ring "Oniocif" {Wiz rF+ rC- Dex+4} for 681 gold
                  | pieces
 28486 | Orc:2    | 28486 ||| BUYING scroll of teleportation (45 gold).
 28486 | Orc:2    | Bought a scroll of teleportation for 45 gold pieces
 28828 | Orc:1    | 28828 ||| PLANNING SNAKE:1-3
 28996 | Snake:1  | Entered Level 1 of the Snake Pit
 28997 | Snake:1  | 28997 ||| Stepping ~*~*~tactically~*~*~ (hiding).
 29005 | Snake:1  | Reached skill level 15 in Fighting
 29072 | Snake:1  | 29072 ||| Stepping ~*~*~tactically~*~*~ (hiding).
 29265 | Snake:1  | Found Fiekub's Antique Armour Shop.
 29278 | Snake:1  | 29278 ||| Stepping ~*~*~tactically~*~*~ (hiding).
 29283 | Snake:1  | 29283 ||| Stepping ~*~*~tactically~*~*~ (stealth).
 29283 | Snake:1  | Found Syodusm's Mayhem Merchandise.
 29293 | Snake:1  | 29293 ||| Stepping ~*~*~tactically~*~*~ (stealth).
 29307 | Snake:1  | 29307 ||| INVOKING Berserk.
 29329 | Snake:1  | 29329 ||| INVOKING Brothers in Arms.
 29329 | Snake:1  | HP: 37/149 [naga ritualist/Olgreb's Toxic Radiance (3)]
 29330 | Snake:1  | 29330 ||| READING 13 scrolls of teleportation.
 29330 | Snake:1  | HP: 17/149 [naga warrior/+0 long sword (11)]
 29330 | Snake:1  | HP: 6/149 [naga sharpshooter/arrow (11)]
 29330 | Snake:1  | Mangled by a naga

Levels and vault maps discovered:
D:1:      dpeg_arrival_houses_and_road, layout_loops_corners
D:2:      layout_loops_cross, chequers_ecumenical_altar_simple_redux,
          hangedman_decor_opposing, minmay_lizard_king
D:3:      layout_loops_ring, grunt_dithmenos_smoke_and_mirrors
D:4:      layout_rooms, mainiacjoe_overflow_concentric_impassable,
          minmay_unequal, uniq_ijyb
D:5:      layout_cave_pools, makhleb_altar_promises_db
D:6:      layout_basic, kennysheep_mini_moat, nicolae_yredelemnul_ghost_church,
          trog_hazing_becter
D:7:      nzn_winding_woodlands_medium [nzn_winding_woodlands_5x5_perimeter,
          nzn_winding_woodlands_5x15_crooked,
          nzn_winding_woodlands_5x5_open_star, nzn_winding_woodlands_5x5_cross,
          nzn_winding_woodlands_center_garden,
          nzn_winding_woodlands_5x5_checkerboard,
          nzn_winding_woodlands_5x5_default,
          nzn_winding_woodlands_5x15_sawtooth, nzn_winding_woodlands_hourglass],
          layout_gridville, minmay_temple_entry_overgrown, minmay_crystal_water,
          minmay_splitting_lines, minmay_tree_intersection,
          hangedman_decor_diamond_cutter, minmay_misc_feat_more_columns,
          uniq_crazy_yiuf_cottage, uniq_prince_ribbit1, uniq_menkaure,
          uniq_maggie
D:8:      layout_basic, lemuel_round_altar, grunt_temple_overflow_diamond,
          gammafunk_ghost_hive, uniq_gastronok, uniq_joseph
D:9:      layout_roguey, cheibrodos_ashenzari_chains
D:10:     layout_roguey, grunt_lair_entry_orc_guard_hut,
          minmay_orc_entry_temple_small, uniq_snorg
D:11:     layout_long_grid, serial_shops, nicolae_inconvenience_store
D:12:     minmay_containers, layout_basic, portal_ice_cave_entry_ice_simulacra
D:13:     layout_basic, serial_shops, shop, uniq_maurice, uniq_erolcha
D:14:     layout_roguey, hangedman_vaults_entry_quadrant_bands,
          nzn_wu_jian_council_hall, uniq_josephine, uniq_rupert
D:15:     gammafunk_depths_entry_grave, layout_rooms, serial_park_tiny_1
Lair:1:   layout_chaotic_city, grunt_megastairs_5, lemuel_fruit_fields
Lair:2:   layout_regular_city, skrybe_swamp_entry_bodies, beast_lair_carwin_6,
          wad_woods_river_01, lemuel_fruit_tree
Lair:3:   layout_chaotic_city, minmay_snake_entry_guardpost_small,
          kennysheep_abandoned_house
Lair:4:   layout_cave_pods, beast_lair_carwin_8
Lair:5:   hangedman_lair_in_review, layout_cave_pods, guppyfry_lair_end_dragon,
          slime_entry_1
Snake:1:  layout_grid_shapes, serial_shops, nicolae_shop_waterfront,
          minmay_shop_mayhem, drop_trap, hangedman_snake_sidewinding
Orc:1:    layout_diamond_mine, basic_altar, gammafunk_ghost_abyssal_escape,
          serial_shops, nicolae_shop_crystal, enter_volcano_1, uniq_nergalle
Orc:2:    grunt_orc_tribal_feast, layout_caves, serial_shops, shop

Skill      XL: |  1  2  3  4  5  6  7  8  9 10 11 12 13 14 15 16 |
---------------+-------------------------------------------------+-----
Axes           | 4 5 6 7 9 10 12 13 15 16 18 | 18.0
Fighting       | 4 6 8 9 11 12 14 15 | 15.0
Throwing       | 2 4 5 |  5.0
Armour         | 5 6 7 8 11 12 15 17 | 17.8
Dodging        | 3 4 5 7 |  7.0
Shields        | 5 12 14 15 17 18 | 18.3

Action                   |  1- 3 |  4- 6 |  7- 9 | 10-12 | 13-15 | 16-18 || total
-------------------------+-------+-------+-------+-------+-------+-------++-------
Melee: Hand axe          |    82 |     3 |       |       |       |       ||    85
       Headbutt          |    14 |    20 |    26 |    82 |   223 |    15 ||   380
       War axe           |       |   143 |   160 |    14 |    55 |       ||   372
       Punch             |       |     1 |     1 |       |       |       ||     2
       Broad axe         |       |       |    17 |   441 |   890 |    72 ||  1420
Throw: Javelin           |       |    35 |    46 |    60 |    28 |       ||   169
       Boomerang         |       |       |       |    61 |    50 |       ||   111
Invok: Berserk           |     1 |     5 |    12 |    26 |    32 |     1 ||    77
       Brothers in Arms  |       |       |       |     3 |    10 |     2 ||    15
       Trog's Hand       |       |       |       |       |     7 |       ||     7
  Use: Scroll            |     5 |     7 |     6 |     7 |     8 |     2 ||    35
       Potion            |       |     1 |     1 |     4 |     1 |       ||     7
 Stab: Distracted        |       |     1 |       |     1 |       |       ||     2
       Confused          |       |       |       |       |     1 |       ||     1
Armor: Animal skin       |    15 |    10 |       |       |       |       ||    25
       Ring mail         |       |    21 |       |       |       |       ||    21
       Scale mail        |       |       |     8 |       |       |       ||     8
       Plate armour      |       |       |    57 |    78 |       |       ||   135
       Crystal plate arm |       |       |       |    82 |   450 |    61 ||   593
Dodge: Dodged            |    47 |    76 |    47 |    65 |   101 |    22 ||   358
Block: Kite shield       |       |       |       |    90 |       |       ||    90
       Tower shield      |       |       |       |   143 |   868 |   104 ||  1115

Table legend:
 A = Non-vault XP
 B = Vault XP
 C = Vault XP percentage of total XP
 D = Non-vault monster count
 E = Vault monster count
 F = Vault count percentage of total count
                 A         B        C        D         E       F
            +---------+---------+-------+---------+---------+-------
      Total |  105645 |   65402 |  38.2 |     529 |     236 |  30.8
            +---------+---------+-------+---------+---------+-------
        D:1 |      57 |       0 |   0.0 |      33 |       0 |   0.0
        D:2 |      85 |       9 |   9.6 |      24 |       9 |  27.3
        D:3 |     191 |       0 |   0.0 |      24 |       0 |   0.0
        D:4 |     317 |     106 |  25.1 |      24 |       7 |  22.6
        D:5 |     748 |       0 |   0.0 |      22 |       0 |   0.0
        D:6 |    1056 |      63 |   5.6 |      20 |       8 |  28.6
        D:7 |    2047 |    4528 |  68.9 |      24 |      30 |  55.6
        D:8 |     839 |    1947 |  69.9 |      17 |       2 |  10.5
        D:9 |    1997 |       0 |   0.0 |      25 |       0 |   0.0
       D:10 |    2540 |    1887 |  42.6 |      33 |      14 |  29.8
       D:11 |    4275 |       0 |   0.0 |      15 |       0 |   0.0
       D:12 |    4576 |    5421 |  54.2 |      20 |      15 |  42.9
       D:13 |    7751 |    1955 |  20.1 |      20 |       5 |  20.0
       D:14 |    8516 |   10836 |  56.0 |      16 |      24 |  60.0
       D:15 |    6878 |    4946 |  41.8 |      16 |       8 |  33.3
     Lair:1 |    4740 |     515 |   9.8 |      18 |       2 |  10.0
     Lair:2 |    6385 |    3200 |  33.4 |      19 |      12 |  38.7
     Lair:3 |    2920 |    1599 |  35.4 |      12 |      20 |  62.5
     Lair:4 |    8216 |    3415 |  29.4 |      28 |       8 |  22.2
     Lair:5 |   29507 |   13498 |  31.4 |      70 |      33 |  32.0
    Snake:1 |   10925 |    3255 |  23.0 |      23 |       8 |  25.8
      Orc:1 |     961 |     781 |  44.8 |      25 |       1 |   3.8
      Orc:2 |     118 |    7441 |  98.4 |       1 |      30 |  96.8
            +---------+---------+-------+---------+---------+-------
